SA
PHOENIX HOTSPUR U-21 @ LAKE ERIE ARRYNS
07/30/2038
 
TOP OF THE 1ST
Phoenix Hotspur U-21 batting - Pitching for Lake Erie Arryns : RHP John Fleming
Pitching: RHP John Fleming
Batting: RHB Keith Lynn 0-0: Ball
1-0: Swinging Strike
1-1: Ball
2-1: Called Strike
2-2: Strikes out looking
Batting: LHB Ron Lee 0-0: Called Strike
0-1: Ball
1-1: Called Strike
1-2: Strikes out swinging
Batting: RHB Nate Edwards 0-0: Ball
1-0: Foul Ball, location: 2F
1-1: Ball
2-1: Foul Ball, location: 2F
2-2: Foul Ball, location: 2F
2-2: Foul Ball, location: 2F
2-2: Foul Ball, location: 2F
2-2: Foul Ball, location: 2F
2-2: Ball
3-2: Foul Ball, location: 2F
3-2: Strikes out swinging
Top of the 1st over - 0 runs, 0 hits, 0 errors, 0 left on base; Phoenix 0 - Lake Erie 0
BOTTOM OF THE 1ST
Lake Erie Arryns batting - Pitching for Phoenix Hotspur U-21 : RHP Jared Martínez
Pitching: RHP Jared Martínez
Batting: RHB Scot Roberts 0-0: Foul Ball, location: 2F
0-1: Fly out, F4 (Popup, 13S, EV 85.0 MPH)
Batting: RHB Beco Bnard 0-0: Foul Ball, location: 2F
0-1: Ball
1-1: Fly out, F4 (Popup, 23, EV 80.0 MPH)
Batting: RHB Juan Núñez 0-0: Ball
1-0: Ball
2-0: Called Strike
2-1: Ground out 1-3 (Groundball, 34S, EV 85.6 MPH)
Bottom of the 1st over - 0 runs, 0 hits, 0 errors, 0 left on base; Phoenix 0 - Lake Erie 0
TOP OF THE 2ND
Phoenix Hotspur U-21 batting - Pitching for Lake Erie Arryns : RHP John Fleming
Batting: LHB Daniel Joseph 0-0: Ball
1-0: Ball
2-0: Fly out, F8 (Flyball, 8LM, EV 85.6 MPH)
Batting: LHB Richard Barlow 0-0: Ball
1-0: Ground out 4-3 (Groundball, 4, EV 83.1 MPH)
Batting: LHB Ben Tyler 0-0: Ball
1-0: Ball
2-0: Ground out 5-3 (Groundball, 5L, EV 88.1 MPH)
Top of the 2nd over - 0 runs, 0 hits, 0 errors, 0 left on base; Phoenix 0 - Lake Erie 0
BOTTOM OF THE 2ND
Lake Erie Arryns batting - Pitching for Phoenix Hotspur U-21 : RHP Jared Martínez
Batting: RHB Mike Branch 0-0: Foul Ball, location: 2F
0-1: Ball
1-1: Ball
2-1: Fly out, F9 (Flyball, 89XD, EV 102.5 MPH)
Batting: RHB Patrick Mildren 0-0: DOUBLE (Flyball, 89XD, EV 102.5 MPH)
Batting: SHB Borisav Aleksic 0-0: Called Strike
0-1: Foul Ball, location: 2F
0-2: Strikes out swinging
Batting: RHB Wang Gai 0-0: Ball
Wild Pitch!
Patrick Mildren to third
1-0: Ball
2-0: Ball
3-0: Base on Balls
Batting: RHB Nick Payne 0-0: Ball
1-0: Foul Ball, location: 2F
1-1: Ball
2-1: Ball
3-1: Base on Balls
Wang Gai to second
Batting: RHB Daryl Pethick 0-0: DOUBLE (Line Drive, 89D, EV 99.4 MPH)
Patrick Mildren scores
Wang Gai scores
Nick Payne to third
Batting: RHB Scot Roberts 0-0: Called Strike
0-1: Ball
1-1: Ball
2-1: Fly out, F3 (Popup, 3, EV 65.6 MPH)
Bottom of the 2nd over - 2 runs, 2 hits, 0 errors, 2 left on base; Phoenix 0 - Lake Erie 2
TOP OF THE 3RD
Phoenix Hotspur U-21 batting - Pitching for Lake Erie Arryns : RHP John Fleming
Batting: RHB Gabriel Méndez 0-0: Called Strike
0-1: Called Strike
0-2: Ball
1-2: Ground out 6-3 (Groundball, 6, EV 85.0 MPH)
Batting: RHB Ger Jobse 0-0: Ball
1-0: DOUBLE (Flyball, 78XD, EV 99.4 MPH)
Batting: SHB Ánibal Peña 0-0: Ball
1-0: SINGLE (Flyball, 8LS, EV 90.0 MPH)
Ger Jobse to third
Runner from 3rd tries for Home, SAFE, throw by CF to home
Batting: RHB Keith Lynn 0-0: Ball
1-0: Ball
2-0: SINGLE (Line Drive, 6D, EV 99.4 MPH)
Ánibal Peña to second
Batting: LHB Ron Lee 0-0: Ball
1-0: Fly out, F7 (Flyball, 78D, EV 102.5 MPH)
Batting: RHB Nate Edwards 0-0: Swinging Strike
0-1: Ball
1-1: Ball
2-1: Ball
3-1: Called Strike
3-2: Strikes out looking
Top of the 3rd over - 1 run, 3 hits, 0 errors, 2 left on base; Phoenix 1 - Lake Erie 2
BOTTOM OF THE 3RD
Lake Erie Arryns batting - Pitching for Phoenix Hotspur U-21 : RHP Jared Martínez
Batting: RHB Beco Bnard 0-0: Fly out, F8 (Flyball, 89D, EV 103.8 MPH)
Batting: RHB Juan Núñez 0-0: Ball
1-0: Foul Ball, location: 2F
1-1: Ball
2-1: Ball
3-1: Swinging Strike
3-2: Base on Balls
Batting: RHB Mike Branch 0-0: Foul Ball, location: 2F
0-1: Foul Ball, location: 2F
0-2: Ball
1-2: Foul Ball, location: 2F
1-2: Ball
2-2: Fly out, F7 (Flyball, 7, EV 86.9 MPH)
Batting: RHB Patrick Mildren 0-0: Ball
1-0: Ball
2-0: Ball
3-0: Base on Balls
Juan Núñez to second
Batting: SHB Borisav Aleksic 0-0: Swinging Strike
0-1: Ball
1-1: Swinging Strike
1-2: Ball
Passed Ball!
Juan Núñez to third
Patrick Mildren to second
2-2: Strikes out swinging
Bottom of the 3rd over - 0 runs, 0 hits, 0 errors, 2 left on base; Phoenix 1 - Lake Erie 2
TOP OF THE 4TH
Phoenix Hotspur U-21 batting - Pitching for Lake Erie Arryns : RHP John Fleming
Batting: LHB Daniel Joseph 0-0: Called Strike
0-1: Foul Ball, location: 2F
0-2: Strikes out swinging
Batting: LHB Richard Barlow 0-0: Called Strike
0-1: Ball
1-1: Foul Ball, location: 2F
1-2: Ball
2-2: Ball
3-2: Strikes out swinging
Batting: LHB Ben Tyler 0-0: Called Strike
0-1: Ground out 5-3 (Groundball, 5, EV 109.4 MPH)
Top of the 4th over - 0 runs, 0 hits, 0 errors, 0 left on base; Phoenix 1 - Lake Erie 2
BOTTOM OF THE 4TH
Lake Erie Arryns batting - Pitching for Phoenix Hotspur U-21 : RHP Jared Martínez
Batting: RHB Wang Gai 0-0: Ball
1-0: Foul Ball, location: 2F
1-1: Ball
2-1: SINGLE (Line Drive, 34D, EV 97.5 MPH)
Batting: RHB Nick Payne 0-0: Fly out, F9 (Flyball, 89D, EV 95.6 MPH)
Batting: RHB Daryl Pethick 0-0: Reached on error, E5 (Groundball, 56, EV 96.2 MPH)
Wang Gai to second
Batting: RHB Scot Roberts 0-0: Ball
1-0: Foul Ball, location: 2F
1-1: Fly out, F9 (Flyball, 9S, EV 83.8 MPH)
Batting: RHB Beco Bnard 0-0: Called Strike
0-1: Foul Ball, location: 2F
0-2: Foul Ball, location: 2F
0-2: DOUBLE (Groundball, 5L, EV 94.4 MPH)
Wang Gai scores
Daryl Pethick to third
Runner from 3rd tries for Home, SAFE, no throw by LF
Batting: RHB Juan Núñez 0-0: Called Strike
0-1: Ball
1-1: Called Strike
1-2: Foul Ball, location: 2F
1-2: Fly out, F7 (Line Drive, 7, EV 105.0 MPH)
Bottom of the 4th over - 2 runs, 2 hits, 1 error, 1 left on base; Phoenix 1 - Lake Erie 4
TOP OF THE 5TH
Phoenix Hotspur U-21 batting - Pitching for Lake Erie Arryns : RHP John Fleming
Batting: RHB Gabriel Méndez 0-0: Swinging Strike
0-1: Swinging Strike
0-2: Strikes out looking
Batting: RHB Ger Jobse 0-0: Called Strike
0-1: Ground out 1-3 (Groundball, 13S, EV 76.2 MPH)
Batting: SHB Ánibal Peña 0-0: Fly out, F8 (Line Drive, 8RD, EV 104.4 MPH)
Top of the 5th over - 0 runs, 0 hits, 0 errors, 0 left on base; Phoenix 1 - Lake Erie 4
BOTTOM OF THE 5TH
Lake Erie Arryns batting - Pitching for Phoenix Hotspur U-21 : RHP Jared Martínez
Batting: RHB Mike Branch 0-0: Called Strike
0-1: Ball
1-1: Ground out 3-1 (Groundball, 34, EV 86.9 MPH)
Batting: RHB Patrick Mildren 0-0: Called Strike
0-1: Fly out, F9 (Flyball, 89S, EV 90.0 MPH)
Pitching: LHP Bill Aylwin
Batting: SHB Borisav Aleksic 0-0: Ball
1-0: Ball
2-0: Called Strike
2-1: Foul Ball, location: 2F
2-2: Ground out 6-3 (Groundball, 6M, EV 108.8 MPH)
Bottom of the 5th over - 0 runs, 0 hits, 0 errors, 0 left on base; Phoenix 1 - Lake Erie 4
TOP OF THE 6TH
Phoenix Hotspur U-21 batting - Pitching for Lake Erie Arryns : RHP John Fleming
Batting: RHB Keith Lynn 0-0: Ball
1-0: Ground out 6-3 (Groundball, 6S, EV 84.4 MPH)
Batting: LHB Ron Lee 0-0: Foul Ball, location: 2F
0-1: Foul Ball, location: 2F
0-2: Ball
1-2: Foul Ball, location: 2F
1-2: Ball
2-2: Ground out 1-3 (Groundball, 15S, EV 73.8 MPH)
Batting: RHB Nate Edwards 0-0: Ball
1-0: Swinging Strike
1-1: Ground out 4-3 (Groundball, 4, EV 79.4 MPH)
Top of the 6th over - 0 runs, 0 hits, 0 errors, 0 left on base; Phoenix 1 - Lake Erie 4
BOTTOM OF THE 6TH
Lake Erie Arryns batting - Pitching for Phoenix Hotspur U-21 : LHP Bill Aylwin
Batting: RHB Wang Gai 0-0: Ball
1-0: Ball
2-0: Ball
3-0: Called Strike
3-1: Base on Balls
Batting: RHB Nick Payne 0-0: Ball
1-0: Called Strike
1-1: Swinging Strike
1-2: Ball
2-2: Fielders Choice at 2nd, 5-4 (Groundball, 5, EV 85.0 MPH)
Batting: RHB Daryl Pethick 0-0: Ball
1-0: Called Strike
1-1: Fielders Choice at 2nd, 5-4 (Groundball, 56S, EV 86.9 MPH)
Batting: RHB Scot Roberts 0-0: Called Strike
0-1: Swinging Strike
0-2: Ball
1-2: Ball
Daryl Pethick steals 2nd base
2-2: Foul Ball, location: 2F
2-2: Ball
Passed Ball!
Daryl Pethick to third
3-2: Foul Ball, location: 2F
3-2: Foul Ball, location: 2F
3-2: SINGLE (Groundball, 56, EV 100.6 MPH) (infield hit)
Daryl Pethick scores
Batting: RHB Beco Bnard 0-0: Called Strike
0-1: Ball
1-1: Reached on error, E5 (Groundball, 56, EV 85.6 MPH)
Scot Roberts to second
Batting: RHB Juan Núñez 0-0: Ball
1-0: Swinging Strike
1-1: Fly out, F8 (Flyball, 8LM, EV 87.5 MPH)
Bottom of the 6th over - 1 run, 1 hit, 1 error, 2 left on base; Phoenix 1 - Lake Erie 5
TOP OF THE 7TH
Phoenix Hotspur U-21 batting - Pitching for Lake Erie Arryns : RHP John Fleming
Pitching: RHP Don Murray
Batting: LHB Daniel Joseph 0-0: Foul Ball, location: 2F
0-1: SINGLE (Flyball, 89M, EV 85.6 MPH)
Batting: LHB Richard Barlow 0-0: Called Strike
0-1: Called Strike
0-2: Foul Ball, location: 2F
0-2: Ball
1-2: Strikes out swinging
Batting: LHB Ben Tyler 0-0: Called Strike
0-1: Ball
1-1: Called Strike
1-2: Ground out 3-1 (Groundball, 3, EV 94.4 MPH)
Daniel Joseph to second
Batting: RHB Gabriel Méndez 0-0: Ball
1-0: Ball
2-0: Ball
3-0: Called Strike
3-1: Called Strike
3-2: Base on Balls
Batting: RHB Ger Jobse 0-0: Called Strike
0-1: Called Strike
0-2: Ball
1-2: Foul Ball, location: 2F
1-2: Strikes out looking
Top of the 7th over - 0 runs, 1 hit, 0 errors, 2 left on base; Phoenix 1 - Lake Erie 5
BOTTOM OF THE 7TH
Lake Erie Arryns batting - Pitching for Phoenix Hotspur U-21 : LHP Bill Aylwin
Batting: RHB Mike Branch 0-0: Ball
1-0: Ball
2-0: Called Strike
2-1: SINGLE (Flyball, 89S, EV 86.9 MPH)
Batting: RHB Patrick Mildren 0-0: Ball
Passed Ball!
Mike Branch to second
1-0: Ball
2-0: Called Strike
2-1: Swinging Strike
2-2: Foul Ball, location: 2F
2-2: SINGLE (Line Drive, 7LS, EV 88.1 MPH)
Mike Branch to third
Batting: SHB Borisav Aleksic 0-0: SINGLE (Line Drive, 6MD, EV 95.0 MPH)
Mike Branch scores
Patrick Mildren to second
Pitching: RHP Cipriano Cereceres
Batting: RHB Wang Gai 0-0: Sac Bunt to 3S - play at first, batter OUT! 3-4
Patrick Mildren to third
Borisav Aleksic to second
Batting: RHB Nick Payne 0-0: Ball
1-0: Ball
2-0: Called Strike
2-1: Ground out 5-3 (Groundball, 56, EV 98.8 MPH)
Patrick Mildren scores
Batting: RHB Daryl Pethick 0-0: DOUBLE (Line Drive, 89D, EV 106.2 MPH)
Borisav Aleksic scores
Pinch Runner at 2nd Jonathan Elmore:
Pinch Hitting: RHB Ted Norman 0-0: Called Strike
0-1: Swinging Strike
0-2: Foul Ball, location: 2F
0-2: Fly out, F9 (Flyball, 9LD, EV 99.4 MPH)
Bottom of the 7th over - 3 runs, 4 hits, 0 errors, 1 left on base; Phoenix 1 - Lake Erie 8
TOP OF THE 8TH
Phoenix Hotspur U-21 batting - Pitching for Lake Erie Arryns : RHP Don Murray
Now in LF: Michael Richardson
Now in CF: Ted Norman
Batting: SHB Ánibal Peña 0-0: Ball
1-0: Foul Ball, location: 2F
1-1: Foul Ball, location: 2F
1-2: Ball
2-2: Ball
3-2: Foul Ball, location: 2F
3-2: Base on Balls
Batting: RHB Keith Lynn 0-0: Ball
1-0: Called Strike
1-1: Ball
2-1: Called Strike
2-2: Foul Ball, location: 2F
2-2: Foul Ball, location: 2F
2-2: Ball
3-2: Foul Ball, location: 7LSF, Error on foul ball, E7
3-2: Strikes out swinging
Batting: LHB Ron Lee 0-0: Ball
1-0: Foul Ball, location: 2F
1-1: Foul Ball, location: 2F
1-2: Foul Ball, location: 2F
1-2: 2-RUN HOME RUN (Flyball, 9D, EV 93.1 MPH), Distance : 389 ft
Batting: RHB Nate Edwards 0-0: Ball
1-0: Called Strike
1-1: Foul Ball, location: 2F
1-2: Strikes out swinging
Batting: LHB Daniel Joseph 0-0: Ball
1-0: Called Strike
1-1: Swinging Strike
1-2: Strikes out swinging
Top of the 8th over - 2 runs, 1 hit, 1 error, 0 left on base; Phoenix 3 - Lake Erie 8
BOTTOM OF THE 8TH
Lake Erie Arryns batting - Pitching for Phoenix Hotspur U-21 : RHP Cipriano Cereceres
Batting: RHB Beco Bnard 0-0: Foul Ball, location: 2F
0-1: SINGLE (Flyball, 78S, EV 84.4 MPH)
Batting: RHB Juan Núñez 0-0: Called Strike
0-1: DOUBLE (Groundball, 5L, EV 103.8 MPH)
Beco Bnard to third
Batting: RHB Mike Branch 0-0: Called Strike
0-1: Ball
1-1: Foul Ball, location: 2F
1-2: Foul Ball, location: 2F
1-2: Strikes out looking
Batting: RHB Patrick Mildren 0-0: Ball
1-0: Foul Ball, location: 2F
1-1: Foul Ball, location: 2F
1-2: Strikes out swinging
Batting: SHB Borisav Aleksic 0-0: Fly out, F8 (Line Drive, 8RM, EV 96.9 MPH)
Bottom of the 8th over - 0 runs, 2 hits, 0 errors, 2 left on base; Phoenix 3 - Lake Erie 8
TOP OF THE 9TH
Phoenix Hotspur U-21 batting - Pitching for Lake Erie Arryns : RHP Don Murray
Batting: LHB Richard Barlow 0-0: Ball
1-0: Called Strike
1-1: DOUBLE (Flyball, 8RXD, EV 87.5 MPH)
Pitching: LHP Armando González
Batting: LHB Ben Tyler 0-0: Ball
1-0: Foul Ball, location: 2F
1-1: Fly out, F9 (Line Drive, 9, EV 106.9 MPH)
Batting: RHB Gabriel Méndez 0-0: Swinging Strike
0-1: Called Strike
0-2: Ball
1-2: Foul Ball, location: 2F
1-2: Strikes out looking
Batting: RHB Ger Jobse 0-0: Ball
1-0: Ball
2-0: Ball
3-0: Base on Balls
Batting: SHB Ánibal Peña 0-0: Called Strike
0-1: Swinging Strike
0-2: Strikes out swinging
Top of the 9th over - 0 runs, 1 hit, 0 errors, 2 left on base; Phoenix 3 - Lake Erie 8
Friday, April 17th, 2020 - OOTP Baseball 20.8 Build 74